 Dungeon Crawl Stone Soup version 0.32-a0-673-g3729bd50f8 (webtiles) character file.

Game seed: 1932345684113022143

3369 croobank the Magician (level 10, -10/73 HPs)
             Began as a Human Ice Elementalist on Mar 10, 2024.
             Was a High Priest of Cheibriados.
             Killed from afar by an acid dragon (25 damage)
             ... with a splash of acid
             ... on level 7 of the Dungeon.
             The game lasted 00:31:26 (10593 turns).

croobank the Magician (Human Ice Elementalist)     Turns: 10593, Time: 00:31:26

Health: -10/73     AC:  6    Str: 20    XL:     10   Next: 3%
Magic:  19/19      EV: 16    Int: 31    God:    Cheibriados [*****.]
Gold:   537        SH:  0    Dex: 24    Spells: 12/22 levels left

rFire   + . .        E - +2 short sword (drain)
rCold   . . .        (no shield)
rNeg    + . .        e - +0 robe of Cocytus {Regen+}
rPois   .            (no helmet)
rElec   .            K - +0 cloak
rCorr   .            R - +1 pair of gloves
SInv    .            l - +0 pair of boots
Will    +....        (no amulet)
Stlth   +++++        B - ring of willpower
HPRegen 1.12/turn    L - ring "Fenut" {^Drain +Blink rF+ rN+ Stlth+}
MPRegen 0.16/turn

%: no passive effects
@: about to teleport, very slow
A: explore regen
a: Renounce Religion, Evoke Blink, Bend Time, Temporal Distortion, Slouch, Step
From Time


You were on level 7 of the Dungeon.
You worshipped Cheibriados.
Cheibriados was extremely pleased with you.
You visited 1 branch of the dungeon, and saw 7 of its levels.
You also visited: Sewer and Ossuary.

You collected 627 gold pieces.
You spent 90 gold pieces at shops.

Inventory:

Hand Weapons
 a - a +1 vampiric short sword
 j - a +0 trident
 r - a +1 short sword of venom
 E - a +2 short sword of draining (weapon)
 O - the +5 war axe "Uvofag" {freeze, Int+2 SInv}
   (You found it on level 5 of the Dungeon)

   Int+2:     It affects your intelligence (+2).
   SInv:      It lets you see invisible.
 S - a +2 short sword of protection
 T - a +0 scimitar
Missiles
 i - 21 poisoned darts
 M - 7 curare-tipped darts (quivered)
 P - 2 silver javelins
 U - 2 throwing nets
Armour
 e - the +0 robe of Cocytus (worn) {Regen+}
   (You found it on level 3 of the Dungeon)

   Regen+:    It increases your rate of health regeneration.
 l - a +0 pair of boots (worn)
 K - a +0 cloak (worn)
 R - a +1 pair of gloves (worn)
Magical Staves
 u - a staff of cold
Jewellery
 o - a ring of fire
 B - a ring of willpower (left hand)
 L - the ring "Fenut" (right hand) {^Drain +Blink rF+ rN+ Stlth+}
   (You found it on level 5 of the Dungeon)

   [ring of protection from fire]

   rF+:       It protects you from fire.
   rN+:       It protects you from negative energy.
   +Blink:    It lets you blink.
   ^Drain:    It drains your maximum health when unequipped.
   Stlth+:    It makes you more stealthy.
 N - the ring of the Everdark {Fly rElec Str+4 Int-3}
   (You found it on level 5 of the Dungeon)

   [ring of flight]

   Str+4:     It affects your strength (+4).
   Int-3:     It affects your intelligence (-3).
   rElec:     It insulates you from electricity.
   Fly:       It grants you flight.
Wands
 t - a wand of light (3)
 x - a wand of warping (12)
 C - a wand of flame (28)
Scrolls
 c - 2 scrolls of blinking
 d - 6 scrolls of identify {unknown}
 f - 2 scrolls of enchant weapon {unknown}
 m - 4 scrolls of fog {unknown}
 n - a scroll of teleportation
 s - a scroll of immolation {unknown}
 w - a scroll of revelation {unknown}
 y - 2 scrolls of vulnerability {unknown}
 z - a scroll of amnesia {unknown}
 A - 8 scrolls of fear {unknown}
 F - 3 scrolls of poison {unknown}
 Q - a scroll of brand weapon {unknown}
Potions
 b - 2 potions of magic
 g - 4 potions of might {unknown}
 h - a potion of degeneration {unknown}
 k - 5 potions of curing
 p - 2 potions of attraction {unknown}
 q - 2 potions of mutation {unknown}
 D - 2 potions of haste {unknown}
 G - a potion of enlightenment {unknown}
 H - 2 potions of brilliance {unknown}
 I - a potion of cancellation {unknown}
 J - 2 potions of lignification {unknown}


   Skills:
 + Level 4.8 Fighting
 + Level 4.3 Staves
 + Level 5.2 Dodging
 + Level 5.6 Stealth
 * Level 6.5 Spellcasting
 + Level 1.4 Summonings
 + Level 6.2 Ice Magic
 + Level 3.7 Invocations
 + Level 3.1 Evocations


You had 12 spell levels left.
You knew the following spells:

 Your Spells              Type           Power      Damage    Failure   Level
a - Freeze                Ice            100%       1d10      1%          1
b - Frozen Ramparts       Ice            98%        1d15      1%          3
c - Ozocubu's Armour      Ice            49%        N/A       1%          3
d - Summon Ice Beast      Ice/Summ       34%        N/A       2%          3

Your spell library contained the following spells:

 Spells                   Type           Power      Damage    Failure   Level
 Call Imp                 Summ           38%        N/A       3%          2
 Sandblast                Erth           20%        2d7       4%          1
 Sting                    Conj/Alch      40%        1d5       4%          1
 Mercury Vapours          Alch/Air       20%        N/A       7%          2
 Sublimation of Blood     Necr           10%        N/A       7%          2
 Passwall                 Erth           10%        N/A       14%         3
 Stone Arrow              Conj/Erth      20%        3d8       14%         3
 Animate Armour           Summ/Erth      28%        N/A       34%         4
 Metabolic Englaciation   Hex/Ice        14%        N/A       34%         5
 Brom's Barrelling Bould  Conj/Erth      10%        2d3       43%         4
 Olgreb's Toxic Radiance  Alch           10%        N/A       43%         4
 Sculpt Simulacrum        Ice/Alch       14%        N/A       89%         6
 Summon Hydra             Summ           9%         N/A       100%        7
 Lehudib's Crystal Spear  Conj/Erth      5%         10d3      100%        8


Dungeon Overview and Level Annotations

Branches:
Dungeon (7/15)             Temple (0/1) D:6           Sewer (visited)
Ossuary (visited)

Altars:
Ashenzari
Cheibriados
Nemelex Xobeh
Zin
Lugonu

Shops:
D:4 :   D:6 [

Portals:
Abyss: D:6

Annotations:
D:6 2 runed translucent doors


Innate Abilities, Weirdness & Mutations

You regain HP and MP as you explore.


Message History

Confirm with . or Enter, or press ? or * to list all spells.
Casting: Frozen Ramparts (safe; 1% risk of failure)
Press: ? - help, Dir - look around, f - activate
Okay, then.
There is an open door here.
The centaur warrior shoots an arrow.
The arrow hits you!
A scorpion comes into view.
The centaur warrior shoots an arrow.
The arrow barely misses you.
The arrow hits the acid dragon!
The centaur warrior shoots an arrow.
The arrow barely misses you.
The scorpion moves out of view.
You hear a roar!
You hear an angry hiss.
Casting: Frozen Ramparts (safe; 1% risk of failure)
Confirm with . or Enter, or press ? or * to list all spells.
Casting: Frozen Ramparts (safe; 1% risk of failure)
Press: ? - help, Dir - look around, f - activate
Okay, then.
As you read the scroll of teleportation, it crumbles to dust.
You feel strangely unstable.
You hear an angry hiss.
The centaur warrior shoots an arrow.
The arrow closely misses you.
The centaur warrior shoots an arrow.
The arrow hits you!
The centaur warrior shoots an arrow.
The arrow completely misses you.
The centaur warrior shoots an arrow.
The arrow barely misses you.
A wraith comes into view.
The centaur warrior shoots an arrow.
The arrow hits you!!
* * * LOW HITPOINT WARNING * * *
You hear a loud, deep croak!
The bullfrog croaks.
You hear an angry hiss.
There is an open door, spattered with blood here.
The centaur warrior unwields a +0 shortbow.
The centaur warrior hits you.
* * * LOW HITPOINT WARNING * * *
The centaur warrior misses you.
The acid dragon attacks as it pursues you!
The acid dragon barely misses you. x2; The centaur warrior hits you.
* * * LOW HITPOINT WARNING * * *
The centaur warrior kicks you but does no damage.
The acid dragon spits acid at you. The splash of acid hits you!!
You die...
Cheibriados appreciates the motionlessness of death.

... #.♣♣♣.#.. # # ##'##
### ..♣..#.. ♣.♣.#.W.#
♣.♣ #♣.♣.♣#..
..♣S.♣...♣♣.♣.♣♣..#..#.>
.....'>ß<'.♣♣♣...#.#.)).
♣D.♣SF.♣♣.♣.♣♣..#..#..
#.s.#♣♣.♣♣#♣.♣.♣#.#
##D## ### #..♣..#.# ♣@♣
#.♣♣♣.#.# ♣c♣ #..♣..#..
♣.yo♣ #♣.♣.♣#.. ♣.♣.♣.♣
♣♣.♣♣#.. ♣.♣♣.♣♣.♣ ###
## #.# ## #.# .#. # #


You could see a centaur warrior, a wraith, a water moccasin, an acid dragon
(catching breath), a vampire mosquito, a bullfrog, a scorpion and an orc.

Vanquished Creatures
  Sigmund (D:5)
  Eustachio (D:6)
  2 water moccasins
  2 ice beasts
  A sky beast (D:7)
  A black bear (D:5)
  4 ogres
  A centaur (D:6)
  A phantom (D:5)
  Blork the orc (D:6)
  2 kobold brigands (D:6)
  5 bullfrogs
  2 scorpions
  A wight (D:7)
  11 killer bees (D:6)
  3 howler monkeys (D:7)
  A hound (D:5)
  A gnoll bouda (D:6)
  3 iguanas
  Natasha (thrice) (D:2)
  2 orc wizards
  8 mummies (Ossuary)
  4 gnolls (D:6)
  11 adders
  A shadow imp (D:7)
  18 dart slugs
  5 ribbon worms
  10 orcs
  17 endoplasms
  14 giant cockroaches
  12 goblins
  8 hobgoblins
  8 jackals
  3 quokkas
  8 ball pythons
  3 bats
  14 frilled lizards
  A hobgoblin zombie (Ossuary)
  20 kobolds
  3 kobold zombies (Ossuary)
  4 orc zombies (Ossuary)
  2 rats (D:1)
223 creatures vanquished.

Notes
Turn   | Place    | Note
-------+----------+-------------------------------------------
     0 | D:1      | croobank the Human Ice Elementalist began the quest for the
                  | Orb.
     0 | D:1      | Reached XP level 1. HP: 13/13 MP: 3/3
   176 | D:1      | Reached XP level 2. HP: 19/19 MP: 5/5
   468 | D:1      | Reached XP level 3. HP: 25/25 MP: 3/6
   543 | D:1      | Learned a level 3 spell: Frozen Ramparts
   547 | D:1      | Learned a level 3 spell: Ozocubu's Armour
   688 | D:1      | Reached skill level 1 in Fighting
  1392 | D:2      | Reached XP level 4. HP: 24/32 MP: 3/8
  1680 | D:2      | Found a faded altar of an unknown god.
  1703 | D:2      | Prayed at the altar of an unknown god.
  1703 | D:2      | Became a worshipper of Cheibriados the Contemplative
  1703 | D:2      | Reached * piety under Cheibriados
  1825 | D:2      | Noticed Natasha
  1834 | D:2      | Killed Natasha
  1835 | D:2      | Reached XP level 5. HP: 23/37 MP: 4/9
  1867 | D:2      | Noticed Natasha
  1879 | D:2      | Killed Natasha
  2136 | D:2      | Noticed Natasha
  2141 | D:2      | Killed Natasha
  2795 | D:3      | Reached skill level 1 in Staves
  2842 | D:3      | Identified the +0 robe of Cocytus {Regen+}
  3762 | D:4      | Noticed a water moccasin
  3774 | D:4      | Killed a water moccasin
  3774 | D:4      | Reached ** piety under Cheibriados
  3775 | D:4      | Reached XP level 6. HP: 28/44 MP: 1/11
  3783 | D:4      | Found a glowing drain.
  3796 | Sewer    | Entered a sewer
  4768 | Sewer    | Reached *** piety under Cheibriados
  4995 | Sewer    | Reached XP level 7. HP: 50/51 MP: 7/13
  5251 | D:4      | Reached skill level 5 in Ice Magic
  5532 | D:4      | Found Ifeisiefo's Book Emporium.
  6441 | D:5      | Entered Level 5 of the Dungeon
  6561 | D:5      | Reached XP level 8. HP: 58/58 MP: 8/14
  6751 | D:5      | Found a sand-covered staircase.
  6778 | Ossuary  | Entered an ossuary
  7065 | Ossuary  | Reached skill level 1 in Invocations
  7476 | D:5      | Identified the ring "Fenut" {^Drain +Blink rF+ rN+ Stlth+}
  7588 | D:5      | Identified the ring of the Everdark {Fly rElec Str+4 Int-3}
  7654 | D:5      | Reached skill level 5 in Spellcasting
  7663 | D:5      | Identified the +5 war axe "Uvofag" {freeze, Int+2 SInv}
  7702 | D:5      | Noticed Sigmund
  7714 | D:5      | Killed Sigmund
  7715 | D:5      | Reached skill level 1 in Evocations
  7910 | D:6      | Found a one-way gate to the infinite horrors of the Abyss.
  7988 | D:6      | Noticed Eustachio
  7996 | D:6      | Reached **** piety under Cheibriados
  8015 | D:6      | Killed Eustachio
  8141 | D:6      | Noticed Blork the orc
  8146 | D:6      | Killed Blork the orc
  8199 | D:6      | Found a staircase to the Ecumenical Temple.
  8217 | D:6      | Reached XP level 9. HP: 65/65 MP: 14/17
  8414 | D:6      | Found a broken altar of Ashenzari.
  8434 | D:6      | Reached skill level 5 in Stealth
  8459 | D:6      | Reached ***** piety under Cheibriados
  8515 | D:6      | Found Uddiss's Antique Armour Shoppe.
  8631 | D:6      | Learned a level 3 spell: Summon Ice Beast
  8719 | D:6      | Found Zin's Purification Station.
  8723 | D:6      | Found a glowing silver altar of Zin.
  8726 | D:6      | Bought a potion of curing for 90 gold pieces
  8824 | D:6      | Found a large runed translucent door.
  8824 | D:6      | Found a large runed translucent door.
  8826 | D:6      | Found a corrupted altar of Lugonu.
  9982 | D:6      | Found a sparkling altar of Nemelex Xobeh.
 10370 | D:7      | Reached skill level 5 in Dodging
 10383 | D:7      | Reached skill level 1 in Summonings
 10472 | D:7      | Reached XP level 10. HP: 49/72 MP: 6/19
 10586 | D:7      | Noticed a centaur warrior
 10593 | D:7      | Killed from afar by an acid dragon

Illustrated notes

Levels and vault maps discovered:
D:1:      mushboom_english_gardens, layout_loops_ring, minmay_tree_intersection,
          grunt_decor_arrowhead
D:2:      layout_basic, chequers_ecumenical_altar_simple, serial_park_tiny_1,
          roderic_lattice_a, minmay_vboxes, uniq_natasha
D:3:      layout_basic, serial_forest, infiniplex_forest_clump_double,
          infiniplex_forest_lined_1, infiniplex_forest_3_way,
          infiniplex_forest_end_3, infiniplex_forest_zigzag_1,
          infiniplex_forest_clump_C, chequers_serial_rivers_micro_e,
          kennysheep_generic_room_14
D:4:      layout_gridville, serial_shops, nicolae_shop_stone,
          cheibrodos_sewer_entry_bend, minmay_misc_feat_roman
D:5:      lemuel_ice_spiral_2, layout_basic,
          nicolae_ossuary_entry_false_entrances, uniq_sigmund
D:6:      due_chaos_kobolds, layout_basic, zin_purify,
          minmay_temple_entry_drinking_statues, serial_shops, shop,
          minmay_holes, hangedman_feature_mirror, uniq_eustachio,
          uniq_blork_the_orc
D:7:      nzn_winding_woodlands_stair_cross [nzn_winding_woodlands_5x15_twine,
          nzn_winding_woodlands_center_diamonds,
          nzn_winding_woodlands_5x15_split_checker,
          nzn_winding_woodlands_5x5_closed_star,
          nzn_winding_woodlands_hourglass, nzn_winding_woodlands_5x15_pool,
          nzn_winding_woodlands_center_garden,
          nzn_winding_woodlands_5x15_jagged], layout_cave_pools, minitemple

Skill      XL: |  1  2  3  4  5  6  7  8  9 |
---------------+----------------------------+-----
Fighting       | 1 2 3 4 |  4.8
Spellcasting   | 3 4 5 6 |  6.5
Stealth        | 3 4 5 |  5.6
Staves         | 1 2 3 4 |  4.3
Dodging        | 3 4 5 |  5.2
Ice Magic      | 5 6 |  6.2
Invocations    | 2 3 |  3.7
Evocations     | 1 3 |  3.1
Summonings     | 1 |  1.4

Action                     |  1- 3 |  4- 6 |  7- 9 | 10-12 || total
---------------------------+-------+-------+-------+-------++-------
  Melee: Short sword       |    35 |    14 |   135 |     3 ||   187
         Staff             |       |    19 |       |       ||    19
         Trident           |       |   171 |    71 |       ||   242
  Throw: Dart              |       |       |     6 |       ||     6
   Cast: Freeze            |    33 |    13 |     1 |       ||    47
         Frozen Ramparts   |     2 |    45 |    47 |       ||    94
         Ozocubu's Armour  |       |    21 |    32 |       ||    53
         Summon Ice Beast  |       |       |     2 |       ||     2
 Invoke: Bend Time         |       |       |     1 |       ||     1
  Evoke: Wand              |       |       |     1 |       ||     1
    Use: Scroll            |       |     2 |       |     1 ||     3
         Potion            |       |       |     1 |       ||     1
   Stab: Sleeping          |     5 |     3 |     5 |       ||    13
         Invisible         |       |       |     1 |       ||     1
         Distracted        |       |       |     2 |       ||     2
 Armour: Robe              |    38 |    78 |   109 |     8 ||   233
  Dodge: Dodged            |    20 |   105 |   191 |    13 ||   329

Table legend: (Time is in decaauts)
 A = Elapsed time spent in this place.
 B = Non-inter-level travel time spent in this place.
 C = Inter-level travel time spent in this place.
 D = Time resting spent in this place.
 E = Time spent auto-exploring this place.
 F = Levels seen in this place.
 G = Mean time per level.
                   A        B        C        D        E       F      G
               +--------+--------+--------+--------+--------+-----+--------+
         Total |  13016 |  12506 |    510 |   3016 |   6900 |   9 | 1446.2 |
       Dungeon |  10726 |  10216 |    510 |   2094 |   6105 |   7 | 1532.3 |
         Sewer |   1678 |   1678 |      0 |    645 |    615 |   1 | 1678.0 |
       Ossuary |    612 |    612 |      0 |    277 |    179 |   1 |  612.0 |
               +--------+--------+--------+--------+--------+-----+--------+

Top non-repeatable levels by time:
     D:6: 3176 daAuts
     D:3: 1945 daAuts
     D:4: 1802 daAuts
   Sewer: 1678 daAuts
     D:2: 1384 daAuts
     D:5: 1175 daAuts
     D:1: 958 daAuts
 Ossuary: 612 daAuts
     D:7: 284 daAuts
